 Dungeon Crawl Stone Soup version 0.31-a0-187-gba352fbbf7 (webtiles) character file.

Game seed: 803914782282626222

15121 qw the Skirmisher (level 11, -1/68 HPs)
             Began as a Deep Elf Hunter on June 22, 2023.
             Was an Elder of Okawaru.
             Slain by a yak (4 damage)
             ... on level 1 of the Lair of Beasts.
             The game lasted 00:04:10 (10775 turns).

qw the Skirmisher (Deep Elf Hunter)                Turns: 10775, Time: 00:04:10

Health: -1/68      AC: 12    Str: 12    XL:     11   Next: 97%
Magic:  20/20      EV: 22    Int: 15    God:    Okawaru [****..]
Gold:   398        SH:  0    Dex: 18    Spells: 10/10 levels left

rFire   + . .        Y - +0 shortbow (drain)
rCold   . . .        (shield currently unavailable)
rNeg    . . .        u - +0 troll leather armour
rPois   .            (helmet restricted)
rElec   .            k - +0 cloak
rCorr   .            o - +1 pair of gloves
SInv    +            h - +2 pair of boots
Will    +....        g - amulet of faith
Stlth   +++          n - +4 ring of slaying {mikee}
HPRegen 1.11/turn    q - ring of see invisible
MPRegen 0.17/turn

%: faith
@: about to teleport, heroic
A: horns 1, fire resistance 1
a: Renounce Religion, Heroism, Finesse


You were on level 1 of the Lair of Beasts.
You worshipped Okawaru.
Okawaru was greatly pleased with you.
You visited 3 branches of the dungeon, and saw 13 of its levels.

You collected 632 gold pieces.
You spent 234 gold pieces at shops.


Innate Abilities, Weirdness & Mutations

You have a pair of small horns on your head.
Your flesh is heat resistant. (rF+)


   Skills:
 - Level 8.0(13.0) Fighting
 - Level 14.5(19.5) Ranged Weapons
 - Level 3.1(8.1) Armour
 + Level 11.5(16.5) Dodging
 - Level 1.2(6.2) Stealth
 - Level 10.0 Invocations


You had 10 spell levels left.
You didn't know any spells.
Your spell library was empty.

Inventory:

Hand Weapons
 p - a +1 shortbow of chaos
 Y - a +0 shortbow of draining (weapon)
Armour
 h - a +2 pair of boots (worn)
 k - a +0 cloak (worn)
 o - a +1 pair of gloves (worn)
 u - a +0 troll leather armour (worn)
Jewellery
 f - an amulet of regeneration
 g - an amulet of faith (around neck)
 n - a +4 ring of slaying (left hand) {mikee}
 q - a ring of see invisible (right hand)
 s - a +6 ring of intelligence
 v - a ring of resist corrosion
 w - a ring of fire
Wands
 r - a wand of digging (7)
Scrolls
 a - 5 scrolls of teleportation
 b - 2 scrolls of noise {unknown}
 j - a scroll of identify
Potions
 c - a potion of cancellation
 d - a potion of might
 e - 2 potions of mutation
 i - 2 potions of curing
 l - 2 potions of haste
 m - a potion of enlightenment
 t - a potion of invisibility {unknown}
 x - a potion of magic {unknown}

Dungeon Overview and Level Annotations

Branches:
Dungeon (11/15)            Temple (1/1) D:6            Lair (1/5) D:10
    Orc (0/2) D:11

Altars:
Ashenzari
Cheibriados
Dithmenos
Elyvilon
Fedhas
Gozag
Hepliaklqana
Kikubaaqudgha
Makhleb
Nemelex Xobeh
Okawaru
Qazlal
Ru
Sif Muna
Trog
Uskayaw
Vehumet
Wu Jian
Xom
Yredelemnul
Zin
The Shining One

Shops:
D:4 ?   D:7 [[[:


Message History

The blink frog closely misses you. The yak barely misses you.
The yak completely misses you. x3
You shoot an arrow. The arrow hits the yak.
The yak is heavily wounded.
The blink frog barely misses you. The yak misses you.
The yak completely misses you. The yak barely misses you. The yak misses you.
You shoot an arrow. The arrow hits the yak!
You drain the yak.
The yak is almost dead.
You shoot an arrow.
The arrow hits the yak but does no damage.
The yak is almost dead.
The blink frog blinks!
The blink frog completely misses you. The yak completely misses you.
The yak barely misses you. The yak closely misses you. x2
You shoot an arrow. The arrow hits the yak.
You kill the yak!
Okawaru accepts your kill. The blink frog hits you.
The blink frog completely misses you. The yak barely misses you.
The yak closely misses you. The yak misses you.
You shoot an arrow. The arrow hits the blink frog.
You drain the blink frog.
You kill the blink frog!
Okawaru accepts your kill. The blink frog completely misses you.
The blink frog barely misses you.
You shoot an arrow. The arrow closely misses the yak.
The blink frog hits you. The yak completely misses you.
The yak closely misses you. The yak gores you but does no damage.
The blink frog barely misses you.
You shoot an arrow. The arrow hits the yak.
The yak is lightly wounded.
The blink frog blinks!
The yak gores you. The yak gores you! The yak gores you but does no damage.
The blink frog closely misses you.
You shoot an arrow. The arrow hits the yak.
The yak is moderately wounded.
The blink frog blinks!
The blink frog closely misses you. The yak gores you!
The yak barely misses you. The yak gores you!
10775 ||| READING 6 scrolls of teleportation.
As you read the scroll of teleportation, it crumbles to dust.
You feel strangely unstable. The blink frog hits you.
The yak completely misses you. The yak gores you.
You die...

#............
....................^...
........................
%.......................
........................
........................
........................
........[......Y¤Y......
#..............Y@%......
#...............F#......
#.........¤......# .....
##......................
#......................
##............##.......
#...........## #P... .
#..........## #...
##.........#


You could see 3 yaks and a blink frog.

Vanquished Creatures
  A hydra (Lair:1)
  Erolcha (D:10)
  3 two-headed ogres
  Nergalle (D:10)
  Joseph (D:10)
  A gargoyle (D:11)
  4 cane toads (Lair:1)
  A kobold demonologist (D:9)
  2 komodo dragons
  2 trolls
  5 blink frogs (Lair:1)
  4 slime creatures (D:9)
  3 wraiths
  18 yaks
  A basilisk (Lair:1)
  A steam dragon (D:7)
  An acid dragon (D:11)
  8 water moccasins
  2 orc warriors
  A sky beast (D:7)
  2 ice beasts
  3 wolves (Lair:1)
  A centaur (D:10)
  2 phantoms (D:5)
  3 kobold brigands
  4 bullfrogs
  2 scorpions
  4 wights (D:9)
  3 killer bees (D:9)
  A howler monkey (D:8)
  4 electric eels (D:11)
  3 orc priests
  A hound (D:5)
  3 jellies
  3 iguanas
  8 orc wizards
  5 adders
  An ufetubus (D:6)
  3 worms
  2 dart slugs
  32 orcs
  3 bats
  5 endoplasms
  4 giant cockroaches
  6 goblins
  7 hobgoblins
  8 jackals
  4 quokkas
  7 ball pythons
  2 frilled lizards
  27 kobolds
  5 rats
229 creatures vanquished.

Notes
Turn   | Place    | Note
-------+----------+-------------------------------------------
     0 | D:1      | qw the Deep Elf Hunter began the quest for the Orb.
     0 | D:1      | Reached XP level 1. HP: 12/12 MP: 3/3
     0 | D:1      | 0 ||| qw: Version: 0.3-a-9-g12657ce
     0 | D:1      | 0 ||| qw: Game counter: 2376
     0 | D:1      | 0 ||| qw: Always use a shield: true
     0 | D:1      | 0 ||| qw: God list: Okawaru
     0 | D:1      | 0 ||| qw: Allow faded altars: false
     0 | D:1      | 0 ||| qw: Do Orc after D:15 true
     0 | D:1      | 0 ||| qw: Do second Lair branch before Depths: true
     0 | D:1      | 0 ||| qw: Lair rune preference: random
     0 | D:1      | 0 ||| qw: Plans: Normal
     0 | D:1      | 0 ||| PLANNING D:1-11
   177 | D:1      | Reached XP level 2. HP: 16/16 MP: 4/4
   180 | D:1      | Reached skill level 6 in Ranged Weapons
   184 | D:1      | 184 ||| FLEEEEING.
   185 | D:1      | 185 ||| FLEEEEING.
   819 | D:1      | Reached XP level 3. HP: 12/20 MP: 5/5
   931 | D:1      | 931 ||| READING scroll labelled NUNUME PAINEU.
   932 | D:1      | 932 ||| READING scroll labelled LAESOY KAJAHOK.
   933 | D:1      | 933 ||| READING 2 scrolls labelled ZAN LYUXER.
   934 | D:1      | 934 ||| READING scroll labelled REUGAYLYKE.
   935 | D:1      | 935 ||| DROPPING scroll of butterflies.
  1546 | D:2      | 1546 ||| UPGRADING to +0 pair of boots.
  1551 | D:2      | 1551 ||| READING scroll of enchant armour.
  1551 | D:2      | 1551 ||| ENCHANTING +0 pair of boots.
  1552 | D:2      | 1552 ||| READING 2 scrolls labelled ADYEFF MOMEIS.
  1556 | D:2      | 1556 ||| READING scroll labelled REZUOR UPLAQAE.
  1643 | D:3      | 1643 ||| READING 3 scrolls of brand weapon.
  1643 | D:3      | 1643 ||| BRANDING +1 shortbow of freezing.
  1644 | D:3      | 1644 ||| READING 2 scrolls of brand weapon.
  1644 | D:3      | 1644 ||| BRANDING +1 shortbow of chaos.
  1645 | D:3      | 1645 ||| READING scroll of brand weapon.
  1645 | D:3      | 1645 ||| BRANDING +1 shortbow of flaming.
  1673 | D:3      | Reached skill level 7 in Ranged Weapons
  1739 | D:3      | Reached XP level 4. HP: 25/25 MP: 6/6
  2315 | D:3      | 2315 ||| UPGRADING to amulet of faith.
  2320 | D:3      | 2320 ||| READING scroll labelled POUMAP LEOZYISCH.
  2321 | D:3      | 2321 ||| DRINKING 2 fuming silvery potions.
  2322 | D:3      | 2322 ||| DROPPING potion of brilliance.
  2583 | D:4      | Reached skill level 8 in Ranged Weapons
  2622 | D:4      | Found Ritogoal's Magic Scroll Shoppe.
  2631 | D:4      | 2631 ||| BUYING scroll of enchant armour (97 gold).
  2631 | D:4      | Bought a scroll of enchant armour for 97 gold pieces
  2631 | D:4      | 2631 ||| SHOPLISTING scroll of enchant weapon (97 gold,
                  | have 40).
  2631 | D:4      | 2631 ||| BUYING scroll of identify (26 gold).
  2631 | D:4      | Bought a scroll of identify for 26 gold pieces
  2631 | D:4      | 2631 ||| SHOPLISTING scroll of identify (26 gold, have 14).
  2631 | D:4      | 2631 ||| SHOPLISTING scroll of teleportation (39 gold, have
                  | 14).
  2631 | D:4      | 2631 ||| READING scroll of enchant armour.
  2631 | D:4      | 2631 ||| ENCHANTING +1 pair of boots.
  2649 | D:4      | Noticed a scorpion
  2653 | D:4      | Killed a scorpion
  2654 | D:4      | Reached XP level 5. HP: 29/29 MP: 7/7
  3590 | D:4      | 3590 ||| READING scroll labelled POIRRU NUACROPT.
  3591 | D:4      | 3591 ||| READING scroll labelled KAETSETURPH.
  3592 | D:4      | 3592 ||| DRINKING 2 fuming clear potions.
  3593 | D:4      | 3593 ||| READING 2 scrolls of identify.
  3593 | D:4      | 3593 ||| IDENTIFYING murky dark potion
  3594 | D:4      | 3594 ||| DROPPING potion of attraction.
  3596 | D:4      | 3596 ||| Stepping ~*~*~tactically~*~*~ (cloud).
  3687 | D:5      | Entered Level 5 of the Dungeon
  3689 | D:5      | 3689 ||| STAIRDANCE
  3725 | D:5      | Reached skill level 9 in Ranged Weapons
  3933 | D:5      | 3933 ||| SWAPPING to +0 shortbow of draining.
  3951 | D:5      | Noticed a phantom
  3972 | D:5      | Killed a phantom
  3973 | D:5      | Reached skill level 3 in Dodging
  3973 | D:5      | Reached XP level 6. HP: 13/34 MP: 8/8
  4465 | D:5      | Reached skill level 10 in Ranged Weapons
  4633 | D:5      | 4633 ||| UPGRADING to +0 ring mail.
  4643 | D:5      | 4643 ||| DROPPING +0 leather armour.
  4644 | D:5      | 4644 ||| UPGRADING to +0 cloak.
  4697 | D:6      | Reached XP level 7. HP: 40/40 MP: 9/9
  4770 | D:6      | Found a staircase to the Ecumenical Temple.
  4771 | D:6      | 4771 ||| PLANNING TEMPLE
  4779 | Temple   | Entered the Ecumenical Temple
  4787 | Temple   | 4787 ||| PLANNING OKAWARU WORSHIP
  4864 | Temple   | Became a worshipper of Warmaster Okawaru
  4865 | Temple   | 4865 ||| PLANNING D:1-11
  4898 | D:6      | Noticed a yak
  4910 | D:6      | Killed a yak
  5045 | D:6      | 5045 ||| Stepping ~*~*~tactically~*~*~ (outnumbered).
  5197 | D:6      | Found a radiant altar of Vehumet.
  5256 | D:6      | Found an opulent altar of Gozag.
  5332 | D:6      | Reached * piety under Okawaru
  5340 | D:6      | Reached skill level 11 in Ranged Weapons
  5365 | D:6      | Reached skill level 1 in Invocations
  5413 | D:6      | Found a sacrificial altar of Ru.
  5592 | D:6      | 5592 ||| UPGRADING to +0 pair of gloves.
  5597 | D:6      | 5597 ||| UPGRADING to +4 ring of slaying {mikee}.
  5598 | D:6      | 5598 ||| READING scroll labelled QAMIP ITASUUFFO.
  5599 | D:6      | 5599 ||| DRINKING 2 metallic purple potions.
  5600 | D:6      | 5600 ||| DRINKING 2 bubbling yellow potions.
  5600 | D:6      | Gained mutation: You have a pair of small horns on your
                  | head. [potion of mutation]
  5600 | D:6      | Gained mutation: Your flesh is heat resistant. (rF+)
                  | [potion of mutation]
  5672 | D:7      | Found a snail-covered altar of Cheibriados.
  5707 | D:7      | Noticed a steam dragon
  5708 | D:7      | 5708 ||| INVOKING Heroism.
  5717 | D:7      | Killed a steam dragon
  5718 | D:7      | Reached XP level 8. HP: 42/44 MP: 7/11
  5731 | D:7      | 5731 ||| INVOKING Heroism.
  5978 | D:7      | Found a shimmering blue altar of Sif Muna.
  6077 | D:7      | Found a flagged portal.
  6086 | D:7      | 6086 ||| Stepping ~*~*~tactically~*~*~ (water).
  6174 | D:7      | Found Foseoten's Antique Armour Shop.
  6175 | D:7      | 6175 ||| INVOKING Heroism.
  6186 | D:7      | Reached skill level 3 in Invocations
  6248 | D:7      | Found Ludoyll's Armour Shop.
  6248 | D:7      | Found Sywoow's Book Shop.
  6249 | D:7      | Found Xoej's Antique Armour Shop.
  6252 | D:7      | 6252 ||| BUYING embroidered robe (111 gold).
  6252 | D:7      | Bought an embroidered robe for 111 gold pieces
  6260 | D:7      | 6260 ||| SHOPLISTING runed scale mail (217 gold, have 45).
  6260 | D:7      | 6260 ||| SHOPLISTING shiny scale mail (217 gold, have 45).
  6264 | D:7      | 6264 ||| SHOPLISTING +1 cloak of willpower (198 gold, have
                  | 45).
  6399 | D:7      | Reached skill level 12 in Ranged Weapons
  6412 | D:7      | 6412 ||| DROPPING +2 robe.
  6534 | D:8      | 6534 ||| INVOKING Heroism.
  6537 | D:8      | 6537 ||| Stepping ~*~*~tactically~*~*~ (outnumbered).
  6577 | D:8      | 6577 ||| INVOKING Heroism.
  6639 | D:8      | Reached skill level 3 in Fighting
  6704 | D:8      | 6704 ||| INVOKING Heroism.
  6717 | D:8      | HP: 11/46 [poisoned by a kobold]
  7223 | D:8      | 7223 ||| UPGRADING to ring of resist corrosion.
  7224 | D:8      | 7224 ||| DROPPING ring of magical power.
  7225 | D:8      | 7225 ||| DRINKING 2 glowing inky potions.
  7226 | D:8      | 7226 ||| READING 2 scrolls of identify.
  7226 | D:8      | 7226 ||| IDENTIFYING metallic orange potion
  7286 | D:9      | Noticed a slime creature
  7292 | D:9      | Reached skill level 13 in Ranged Weapons
  7299 | D:9      | Killed a slime creature
  7299 | D:9      | Reached ** piety under Okawaru
  7300 | D:9      | Reached XP level 9. HP: 40/51 MP: 14/14
  7358 | D:9      | 7358 ||| INVOKING Heroism.
  7371 | D:9      | Killed a large slime creature
  7372 | D:9      | Reached skill level 14 in Ranged Weapons
  7372 | D:9      | HP: 7/51 [slime creature (10)]
  7373 | D:9      | 7373 ||| READING 6 scrolls of teleportation.
  7374 | D:9      | 7374 ||| DRINKING potion of heal wounds.
  7535 | D:9      | 7535 ||| INVOKING Heroism.
  7644 | D:9      | 7644 ||| DRINKING potion of curing.
  7644 | D:9      | 7644 ||| (to cure confusion)
  7711 | D:9      | Found a stormy altar of Qazlal.
  7712 | D:9      | Noticed a kobold demonologist
  7722 | D:9      | Killed a kobold demonologist
  7723 | D:9      | Reached skill level 6 in Dodging
  7785 | D:9      | Reached *** piety under Okawaru
  7919 | D:9      | 7919 ||| FLEEEEING.
  7920 | D:9      | 7920 ||| FLEEEEING.
  7927 | D:9      | Reached XP level 10. HP: 55/59 MP: 15/15
  7933 | D:9      | Reached skill level 3 in Armour
  7937 | D:9      | Reached **** piety under Okawaru
  7942 | D:9      | 7942 ||| INVOKING Heroism.
  8216 | D:9      | 8216 ||| READING 2 scrolls labelled RUIRPH UMEAH.
  8217 | D:9      | 8217 ||| READING 2 scrolls labelled KEORHYUGETO.
  8218 | D:9      | 8218 ||| READING 2 scrolls of identify.
  8218 | D:9      | 8218 ||| IDENTIFYING white potion
  8219 | D:9      | 8219 ||| DROPPING scroll of vulnerability.
  8220 | D:9      | 8220 ||| DROPPING scroll of fog.
  8249 | D:10     | Entered Level 10 of the Dungeon
  8252 | D:10     | Noticed Nergalle
  8253 | D:10     | 8253 ||| INVOKING Heroism.
  8265 | D:10     | Killed Nergalle
  8266 | D:10     | Reached skill level 9 in Dodging
  8301 | D:10     | Noticed Joseph
  8303 | D:10     | 8303 ||| FLEEEEING.
  8309 | D:10     | 8309 ||| FLEEEEING.
  8322 | D:10     | 8322 ||| INVOKING Heroism.
  8328 | D:10     | Killed Joseph
  8494 | D:10     | 8494 ||| INVOKING Heroism.
  8500 | D:10     | Received a gift from Okawaru
  8562 | D:10     | Noticed a two-headed ogre
  8563 | D:10     | 8563 ||| FLEEEEING.
  8564 | D:10     | 8564 ||| FLEEEEING.
  8565 | D:10     | 8565 ||| FLEEEEING.
  8566 | D:10     | 8566 ||| FLEEEEING.
  8567 | D:10     | 8567 ||| STAIRDANCE
  8608 | D:9      | 8608 ||| UPGRADING to +0 troll leather armour.
  8618 | D:9      | 8618 ||| DROPPING +0 ring mail.
  8619 | D:9      | 8619 ||| UPGRADING to ring of see invisible.
  8623 | D:10     | 8623 ||| STAIRDANCE
  8625 | D:9      | 8625 ||| INVOKING Heroism.
  8632 | D:9      | Killed a two-headed ogre
  8633 | D:9      | Reached skill level 6 in Fighting
  8633 | D:9      | Reached skill level 6 in Invocations
  8689 | D:10     | Noticed a two-headed ogre
  8690 | D:10     | 8690 ||| INVOKING Heroism.
  8700 | D:10     | Killed a two-headed ogre
  8700 | D:10     | Reached ***** piety under Okawaru
  8723 | D:10     | Found a staircase to the Lair.
  8864 | D:10     | 8864 ||| INVOKING Heroism.
  8870 | D:10     | Reached XP level 11. HP: 58/64 MP: 15/18
  9236 | D:10     | Noticed Erolcha
  9237 | D:10     | 9237 ||| INVOKING Heroism.
  9238 | D:10     | 9238 ||| INVOKING Finesse.
  9245 | D:10     | Killed Erolcha
  9451 | D:10     | 9451 ||| READING scroll labelled WAMAUSCH ARAA.
  9552 | D:10     | 9552 ||| READING 2 scrolls of identify.
  9552 | D:10     | 9552 ||| IDENTIFYING black potion
  9553 | D:10     | 9553 ||| DROPPING potion of lignification.
  9676 | D:11     | Noticed a two-headed ogre
  9677 | D:11     | 9677 ||| INVOKING Heroism.
  9684 | D:11     | Killed a two-headed ogre
  9684 | D:11     | Received a gift from Okawaru
  9716 | D:11     | 9716 ||| FLEEEEING.
  9721 | D:11     | 9721 ||| FLEEEEING.
  9722 | D:11     | 9722 ||| FLEEEEING.
  9723 | D:11     | 9723 ||| FLEEEEING.
  9724 | D:11     | 9724 ||| FLEEEEING.
  9725 | D:11     | 9725 ||| FLEEEEING.
  9726 | D:11     | 9726 ||| FLEEEEING.
  9750 | D:11     | 9750 ||| INVOKING Heroism.
  9823 | D:11     | 9823 ||| INVOKING Heroism.
  9964 | D:11     | Found a staircase to the Orcish Mines.
  9979 | D:11     | 9979 ||| INVOKING Heroism.
 10056 | D:11     | 10056 ||| INVOKING Heroism.
 10109 | D:11     | 10109 ||| READING scroll labelled AXAOPPIOGH.
 10113 | D:10     | Found a glowing silver altar of Zin.
 10113 | D:10     | Found a sparkling altar of Nemelex Xobeh.
 10117 | D:10     | 10117 ||| PLANNING LAIR
 10220 | Lair:1   | Entered Level 1 of the Lair of Beasts
 10246 | Lair:1   | 10246 ||| DRINKING 2 potions of cancellation.
 10304 | Lair:1   | 10304 ||| INVOKING Heroism.
 10311 | Lair:1   | Reached skill level 9 in Invocations
 10325 | Lair:1   | 10325 ||| READING scroll of enchant armour.
 10325 | Lair:1   | 10325 ||| ENCHANTING +0 pair of gloves.
 10342 | Lair:1   | Noticed a seven-headed hydra
 10350 | Lair:1   | 10350 ||| INVOKING Heroism.
 10357 | Lair:1   | Killed a seven-headed hydra
 10451 | Lair:1   | 10451 ||| INVOKING Heroism.
 10532 | Lair:1   | 10532 ||| INVOKING Heroism.
 10695 | Lair:1   | Received a gift from Okawaru
 10735 | Lair:1   | 10735 ||| INVOKING Heroism.
 10774 | Lair:1   | HP: 8/68 [yak (11)]
 10775 | Lair:1   | 10775 ||| READING 6 scrolls of teleportation.
 10775 | Lair:1   | HP: 3/68 [blink frog (6)]
 10775 | Lair:1   | Slain by a yak

Levels and vault maps discovered:
D:1:      lightli_arrival_statuegarden, layout_loops_corners
D:2:      layout_loops_ring, minmay_misc_feat_chi
D:3:      layout_loops_corners
D:4:      layout_layer_cave, serial_shops, nicolae_lakefront_shop
D:5:      layout_basic
D:6:      layout_loops_ring, kennysheep_mini_moat, lemuel_doored_altar,
          mainiacjoe_overflow_concentric_impassable,
          minmay_temple_entry_junction, minmay_increasing_density
D:7:      layout_loops_ring, lemuel_blue_sif_altar,
          mainiacjoe_overflow_alcove_4, enter_bailey_4, minmay_shop_grid_forest
D:8:      layout_loops_ring
D:9:      layout_layer_cave, kennysheep_mini, kennysheep_generic_room_11
D:10:     layout_stronghold, nicolae_overflow_hidden_temple, lair_entry_dummy,
          kennysheep_donut, kennysheep_generic_room_4, uniq_erolcha,
          uniq_joseph, uniq_nergalle
D:11:     layout_basic, orc_0_dummy
Temple:   zaba_magenta_temple
Lair:1:   wander_river, layout_cave_pods, chequers_serial_rivers_micro_e,
          grunt_megastairs_5

Skill      XL: |  1  2  3  4  5  6  7  8  9 10 11 |
---------------+----------------------------------+-----
Ranged Weapons | 6 7 8 9 10 11 13 14 | 14.5
Dodging        | 3 4 7 10 11 | 11.5
Fighting       | 2 3 5 6 8 |  8.0
Armour         | 2 3 |  3.1
Invocations    | 2 4 7 10 | 10.0
Stealth        | |  1.2

Action                     |  1- 3 |  4- 6 |  7- 9 | 10-12 || total
---------------------------+-------+-------+-------+-------++-------
   Fire: Shortbow          |   120 |   160 |   306 |   352 ||   938
 Invoke: Heroism           |       |       |     8 |    18 ||    26
         Finesse           |       |       |       |     1 ||     1
    Use: Scroll            |    10 |     5 |     3 |     8 ||    26
         Potion            |       |     2 |     5 |     1 ||     8
 Armour: Leather armour    |    14 |    23 |       |       ||    37
         Ring mail         |       |       |    61 |     9 ||    70
         Troll leather arm |       |       |       |    24 ||    24
  Dodge: Dodged            |    39 |    34 |   133 |   137 ||   343

Table legend:
 A = Non-vault XP
 B = Vault XP
 C = Vault XP percentage of total XP
 D = Non-vault monster count
 E = Vault monster count
 F = Vault count percentage of total count
                 A         B        C        D         E       F
            +---------+---------+-------+---------+---------+-------
      Total |   18212 |    3390 |  15.7 |     207 |      22 |   9.6
            +---------+---------+-------+---------+---------+-------
        D:1 |      45 |       0 |   0.0 |      28 |       0 |   0.0
        D:2 |      14 |       0 |   0.0 |       6 |       0 |   0.0
        D:3 |      84 |       0 |   0.0 |      23 |       0 |   0.0
        D:4 |     118 |       0 |   0.0 |      14 |       0 |   0.0
        D:5 |     449 |       0 |   0.0 |      18 |       0 |   0.0
        D:6 |     281 |     268 |  48.8 |       8 |       7 |  46.7
        D:7 |     705 |      12 |   1.7 |      11 |       5 |  31.2
        D:8 |     475 |       0 |   0.0 |      21 |       0 |   0.0
        D:9 |    4492 |     209 |   4.4 |      28 |       1 |   3.4
       D:10 |    3577 |    2104 |  37.0 |      17 |       3 |  15.0
       D:11 |    2354 |       0 |   0.0 |      13 |       0 |   0.0
     Lair:1 |    5618 |     797 |  12.4 |      20 |       6 |  23.1
            +---------+---------+-------+---------+---------+-------
